woodfighter, chaotic female orcish Cavewoman --------------------------------------------------------------------------- |.................|.......|.........|...........|.............).....|.....| |.---.-----.---.---.---.|.|.|.|.----|.-----.---.-------....`-----.|.-----.| |.|...|...|...|....`|...|.|.|.|.|...|...|...`.|...|.........|.....|.......| |.|.-----.|--.|.|.--|.---.|.|.|.|.|%|.|.|.|.-.---.|.-----...|.-----------.| |...|.....|.|.|.|...|.........|...|.).|.|.|.....|...|.......|.......|.....| |.-----.|.|.|.|----.|------------.|.|.|--.|.---------.-------------.|.----| |.|.....|...|.|...|.|.|.........|.|.|.|.%.|...........|...........|.|.....| |.|.|.------|.|.|.|.|.|.-------T---%---.-----.---------.---------.|.------| |.|.|.|<....|...|.....|...| |....^.`%[..|...|...|...|...|.....|...|.......| |.---.-----.|.-------.---.| |.-----[---.|.|.|--.|.|...|.|.---.|.-----.---.| |.........|.|.|...|.....|.| |...|.|.|.....|.|...|.|...|.|...|.|.....|...|.| |--------.|^|--.|.|.---.|.| ---.|.|.|.-----.|.---------.|.|.-------.----|.| |.........|.|...|...|.|.|.| .|.....|...|...|...........|.|.......|.....|.| |.---------.|.-------.|.|.| |.-----.|----.-.------------|.---....*-----.|.| |...|.|.....|.....|...|.|.| |...|...|.....*.....|...|...|......>........|.| |--.|.|.---------.|.---%|%| |.---.---@-----.-----.|.|.|.-----.`.).-------.| |.....|...........|.......| |........J|...........|...|...................| --------------------------- ----------------------------------------------- woodfighter the Cave Elder Experience level: 14 Strength: 18/12 Dexterity: 17 Constitution: 18 Intelligence: 8 Wisdom: 12 Charisma: 8 Health: 0(120) Energy: 59(59) Def: 30 Gold: 164 Moves: 26528 Dungeon seed: -qPwls1iTdbX5Vgt Game ID: woodfighter_1476032295 Your Inventory: Coins $ - 164 gold pieces Amulets M - an uncursed amulet of reflection (being worn) Weapons a - a blessed +1 dwarvish spear (weapon in hand) w - 5 +0 dwarvish spears (in quiver) Armor e - a blessed +1 elven shield (being worn) r - a blessed greased +5 gray dragon scale mail (being worn) x - an uncursed +0 pair of gauntlets of dexterity (being worn) z - a blessed +2 cloak of invisibility (being worn) B - a blessed thoroughly rusty +0 helm of telepathy (being worn) I - a cursed +0 pair of leather gloves Q - an uncursed thoroughly rusty +0 pair of iron shoes (being worn) Comestibles b - an uncursed mango c - an uncursed clove of garlic j - 3 uncursed sprigs of wolfsbane p - 2 uncursed eucalyptus leaves Z - an uncursed lizard corpse Rings h - a blessed +2 ring of protection (on left hand) V - an uncursed ring of regeneration (on right hand) Wands l - a wand of fire (0:4) t - a wand of teleportation (0:3) v - a wand of cold (0:2) C - a wand of teleportation (0:4) G - a wand of undead turning (0:6) T - a wand of digging (0:5) Tools d - a +0 pick-axe q - a blessed +0 unicorn horn s - a blessed bag of holding y - an uncursed skeleton key N - an uncursed towel Gems n - an uncursed luckstone Contents of the bag of holding: 6634 gold pieces an uncursed amulet of flying an uncursed [+0] mummy wrapping a [cursed] [+0] pair of levitation boots a [cursed] [+0] shield of reflection 7 uncursed food rations an uncursed lizard corpse 7 uncursed lumps of royal jelly a [uncursed] scroll of create monster a [blessed] scroll of earth a [cursed] scroll of stinking cloud a [uncursed] scroll of teleportation a [uncursed] spellbook of cure sickness a [uncursed] spellbook of force bolt a [uncursed] spellbook of identify a [uncursed] spellbook of magic mapping a [uncursed] spellbook of protection a [uncursed] potion of gain energy a [blessed] potion of healing 2 [uncursed] potions of healing a [uncursed] potion of invisibility 2 [uncursed] potions of levitation a [uncursed] potion of monster detection a [uncursed] potion of oil a [uncursed] potion of sleeping a [uncursed] ring of cold resistance a [cursed] ring of invisibility a [cursed] ring of invisibility a [uncursed] [+2] ring of stealth a [uncursed] wand of cold [0:5] a [uncursed] wand of create monster [0:12] a [uncursed] wand of digging [0:0] a [uncursed] wand of digging [0:8] a [uncursed] wand of locking [0:6] a [uncursed] wand of probing [0:8] a [uncursed] wand of sleep [0:5] a [uncursed] wand of striking [0:0] a [cursed] wand of teleportation [0:5] a [uncursed] wand of teleportation [0:5] a [uncursed] wand of teleportation [0:6] a [blessed] wand of undead turning [0:8] a blessed oil lamp (0:1140) a [uncursed] oil lamp [0:1026] a [uncursed] [+0] unicorn horn Spells and supernatural/magical abilities: Name Level Category Fail Memory W - pray for help -- divine ? -- Your skills at the end: Miscellaneous Skills bare handed combat [Basic] shield [Skilled] stealth [Skilled] Weapon Skills scimitar [Basic] club [Basic] spear [Skilled] sling [Basic] Spellcasting Skills Final Attributes: You were piously aligned. You were fire resistant. You were cold resistant. You were sleep resistant. You were shock resistant. You were poison resistant. You were magic-protected. Your writing hand was cramped from overuse. You saw invisible. You were telepathic. You had infravision. You were invisible to others. You were stealthy. You regenerated. You were protected. You were fast. You had reflection. You were extremely lucky. You had extra luck. Bad luck did not time out for you. Good luck did not time out for you. You are dead. Vanquished creatures: Medusa 2 elder blue dragons a blue dragon a titan a minotaur a jabberwock 2 young gray dragons a young silver dragon a young blue dragon a young green dragon 2 young yellow dragons 4 stone golems 2 Nazgul 2 titanotheres 8 baby blue dragons a gryphon a guardian naga a vampire lord a nurse an ettin a lieutenant a queen bee a winged gargoyle 2 giant mimics 3 fire giants an ogre king 5 ice trolls an umber hulk 3 large mimics a long worm 5 couatls 2 stalkers a fire elemental 2 water elementals a hill giant a giant mummy a black naga a xorn 2 giant zombies 3 wargs 2 winter wolves 5 quantum mechanics 6 small mimics a glass piercer a xan a wood golem 6 electric eels 2 large dogs 3 freezing spheres 3 flaming spheres a shocking sphere 2 large cats 4 gargoyles a dwarf king a tengu an ochre jelly 2 chameleons 2 leocrottas 2 mountain centaurs 2 giants an elf mummy a human mummy 2 red nagas 5 Grey-elves 2 pythons 2 cobras 3 wraiths an ettin zombie a leather golem a soldier 3 succubi an incubus a giant beetle 2 cockatrices 4 wolves a black light a lynx a panther a gremlin 26 leprechauns 3 quivering blobs a spotted jelly 10 lizards a mountain nymph an orc-captain a mumak 3 giant spiders 3 scorpions 4 iron piercers a horse an ice vortex 3 vampire bats a forest centaur 6 gnome kings 3 orc mummies 2 dwarf mummies 3 ogres 3 brown puddings 4 Green-elves 2 rust monsters 4 owlbears 6 yetis 2 gold golems a piranha 3 dogs 2 dingos a housecat 4 jaguars 6 dwarf lords a blue jelly a water nymph 2 white unicorns 2 dust vortices 5 ravens 5 plains centaurs 4 gnome mummies 3 Woodland-elves 4 snakes 5 apes 10 human zombies a soldier ant 6 fire ants 8 yellow lights 8 bugbears 5 wood nymphs 4 Mordor orcs 3 Uruk-hai 3 orc shamans 6 rock piercers 4 ponies a fog cloud a shrieker 4 violet fungi 24 gnome lords 7 gnomish wizards 2 kobold mummies 5 red naga hatchlings 3 gray oozes a barrow wight 3 elf zombies 3 straw golems 2 paper golems 3 jellyfish 7 giant ants 2 puppies 5 floating eyes 5 kittens 25 dwarves a homunculus 3 kobold lords 5 iguanas 8 hill orcs 24 rothes 4 rabid rats a centipede 7 jitterbugs 6 giant bats 7 orc zombies 10 dwarf zombies 2 wererats 3 werejackals 51 killer bees 7 hobbits an acid blob 3 large kobolds 8 geckos 11 hobgoblins 10 giant rats 4 cave spiders a brown mold a yellow mold 2 red molds 63 gnomes 6 garter snakes 3 manes 4 gnome zombies 12 jackals 6 foxes 5 kobolds 7 newts 8 goblins 4 sewer rats 13 grid bugs 4 lichens a kobold zombie 775 creatures vanquished. Genocided species: disenchanters 1 species genocided. Voluntary challenges: You did not cause conflict. You were not displaced. You used a wielded weapon 1874 times, starting on turn 132. You did not use plumbed fixtures. You read items or engraved 28 times, starting on turn 1847. You genocided 1 type of monster, starting on turn 12775. You never polymorphed an object. You never changed form. You cheated 1 time but completed Sokoban on turn 11043. You used 1 wish, starting on turn 16147. You did not wish for any artifacts. You split 1 pudding, starting on turn 5841. You never wrote Elbereth's name. You never violated your personal moral code. Dungeon overview: The Dungeons of Doom: levels 1 to 29 Level 1 (vault + locked) some altars to Anu and Ishtar a long staircase Level 2 stairs to The Gnomish Mines Level 3 a delicatessen Level 4 a general store Level 5 an altar to Ishtar, a fountain Level 6 Level 7 Level 8 a general store, a fountain Level 9 many fountains Level 10 a fountain stairs to Sokoban Level 11 a fountain Level 12 a scroll shop, a fountain Level 13 (water) some fountains Level 14 Level 15 some fountains Level 16 (quest) a fountain Level 17 some fountains Level 18 (rogue) Level 19 a fountain Level 20 (blue dragon hall + vault) Level 21 some altars to Ishtar and Anshar, a fountain Level 22 Level 23 (medusa) Level 24 Level 25 Level 26 Level 27 Level 28 <- You were here a fountain Level 29 many fountains, many trees The Gnomish Mines: levels 3 to 10 Level 3 stairs to The Dungeons of Doom Level 4 Level 5 many shops, a temple to Anu, a magic chest, some fountains Level 6 Level 7 Level 8 Level 9 Level 10 a magic chest, a fountain Sokoban: levels 6 to 9 Level 6 a magic chest Level 7 Level 8 Level 9 an altar to Anshar, a magic chest stairs to The Dungeons of Doom History has recorded: On T:1 you entered the Dungeons of Doom to retrieve the Amulet of Yendor! On T:139 you reached level 2 of The Dungeons of Doom. On T:412 you reached level 3 of The Dungeons of Doom. On T:475 you reached level 1 of The Gnomish Mines. On T:674 you advanced to experience level 2. On T:845 you advanced to experience level 3. On T:896 you advanced to experience level 4. On T:992 you advanced to experience level 5. On T:1018 you reached level 2 of The Gnomish Mines. On T:1457 you reached level 3 of The Gnomish Mines. On T:1780 you entered the Minetown temple On T:1786 you advanced to experience level 6. On T:1846 you opened a magic chest. On T:2234 you reached level 4 of The Gnomish Mines. On T:2336 you prayed to Anshar. On T:2486 you reached level 5 of The Gnomish Mines. On T:2969 you advanced to experience level 7. On T:3235 you reached level 6 of The Gnomish Mines. On T:3499 you reached level 7 of The Gnomish Mines. On T:3659 you reached level 8 of The Gnomish Mines. On T:3659 you reached the bottom of the Mines. On T:3892 you advanced to experience level 8. On T:5425 you reached level 4 of The Dungeons of Doom. On T:5713 you reached level 5 of The Dungeons of Doom. On T:6291 you reached level 6 of The Dungeons of Doom. On T:6657 you reached level 7 of The Dungeons of Doom. On T:7252 you reached level 8 of The Dungeons of Doom. On T:7764 you reached level 9 of The Dungeons of Doom. On T:7768 you advanced to experience level 9. On T:8350 you reached level 10 of The Dungeons of Doom. On T:8604 you reached level 4 of Sokoban. On T:8833 you reached level 3 of Sokoban. On T:9433 you reached level 2 of Sokoban. On T:10086 you reached level 1 of Sokoban. On T:11043 you entered the Sokoban zoo. On T:12337 you reached level 11 of The Dungeons of Doom. On T:12433 you reached level 12 of The Dungeons of Doom. On T:12614 you advanced to experience level 10. On T:13182 you reached level 13 of The Dungeons of Doom. On T:16147 you wished for "+3 blessed greased fixed grey dragon scale mail". On T:16384 you reached level 14 of The Dungeons of Doom. On T:16623 you reached level 15 of The Dungeons of Doom. On T:16959 you reached level 16 of The Dungeons of Doom. On T:17350 you advanced to experience level 11. On T:17531 you reached level 17 of The Dungeons of Doom. On T:17804 you reached level 18 of The Dungeons of Doom. On T:17804 you entered the Rogue tribute level. On T:18088 you reached level 19 of The Dungeons of Doom. On T:19005 you reached level 20 of The Dungeons of Doom. On T:19150 you reached level 21 of The Dungeons of Doom. On T:19718 you prayed to Anshar. On T:20419 you reached level 22 of The Dungeons of Doom. On T:20548 you reached level 23 of The Dungeons of Doom. On T:21229 you advanced to experience level 12. On T:21731 you received Stormbringer from Anshar. On T:22836 you reached level 24 of The Dungeons of Doom. On T:22840 you killed Medusa on level 24 of The Dungeons of Doom. On T:23621 you reached level 25 of The Dungeons of Doom. On T:24171 you reached level 26 of The Dungeons of Doom. On T:24458 you reached level 27 of The Dungeons of Doom. On T:25137 you advanced to experience level 13. On T:25800 you reached level 28 of The Dungeons of Doom. On T:25858 you prayed to Anshar. On T:25945 you reached The Castle. On T:26461 you advanced to experience level 14. Score breakdown: Gold: 6798 ( 679 points) Experience: 14 levels ( 1300 points) Exploration: 29 levels ( 840 points) Discoveries: 93 items ( 2000 points) Variety of kills: 185 monsters ( 2000 points) Major goal: Sokoban/Mines ( 1500 points) Survival: died (score multiplied by 3) Total score: 24957 Latest messages: The blast of sleep gas bounces! The titan casts a spell! The titan suddenly becomes transparent! The young orange dragon breathes sleep gas! The blast of sleep gas whizzes by you! The vampire lord drinks a potion of gain level! The vampire lord seems more experienced. The invisible titan casts a spell! The invisible titan is suddenly moving faster. You stop exploring. The jabberwock bites! (2x) The jabberwock claws you! (2x) You jab the jabberwock! (2x) The jabberwock bites! (2x) The jabberwock claws you! (2x) You jab the jabberwock! The jabberwock bites! (2x) The jabberwock claws you! (2x) You jab the jabberwock! The jabberwock misses. The jabberwock bites! The jabberwock misses. The jabberwock claws you! You jab the jabberwock! The jabberwock bites! (2x) The jabberwock claws you! You die... Final status: Goodbye woodfighter the Cavewoman, killed by a jabberwock... You died in The Dungeons of Doom on dungeon level 28 with 24957 points, and 6798 pieces of gold, after 26528 moves. You were level 14 with a maximum of 120 hit points when you died.